 Dungeon Sprint DCSS version 0.27-a0-1232-gc6a4cbde82 (webtiles) character file.

Game seed: 14044511024679888211

301765 rocky1 the Invulnerable (level 18, -3/200 HPs)
             Began as a Minotaur Fighter on June 9, 2021.
             Was the Champion of Qazlal.
             Slain by the Serpent of Hell (8 damage)
             ... in the Dungeon (Sprint III: "The Ten Rune Challenge").
             The game lasted 01:09:35 (9019 turns).

rocky1 the Invulnerable (Minotaur Fighter)          Turns: 9019, Time: 01:09:36

Health: -3/200     AC: 36    Str: 24    XL:     18   Next: 8%
Magic:  34/34      EV: 20    Int: 11    God:    Qazlal [******]
Gold:   2569       SH: 37    Dex: 19    Spells: 17/17 levels left

rFire    + + +     SeeInvis +   R - +6 double sword (freeze)
rCold    + . .     Faith    .   y - +2 tower shield {reflect}
rNeg     + + .     Spirit   .   X - +3 gold dragon scales
rPois    +         Reflect  +   a - +0 mask of the Dragon {Will+ Slay+3 SInv}
rElec    +         Harm     .   H - +0 cloak
rCorr    +         Rampage  .   G - +0 pair of fencer's gloves {Riposte Dex+3}
Will     +++..     NoTele   +   k - +0 pair of boots "Ocsuqamo" {rF+}
Stlth    ..........             j - amulet of Sahiadghank {+Blink rElec Will+ Regen+ rCorr}
HPRegen  1.43/turn              E - ring of Igappof {rPois rF+ rN+ Dex+3}
MPRegen  0.24/turn              O - ring of the Falcon {rF+ rN+ Int+6 Stlth+}

@: protected from fire, studying 2 skills, repel missiles
A: horns 2, retaliatory headbutt, fangs 1, weak 1
}: 6/10 runes: decaying, serpentine, slimy, silver, golden, demonic
a: Renounce Religion, Evoke Blink, Upheaval, Elemental Force, Disaster Area


You were in the Dungeon.
You worshipped Qazlal.
Qazlal was exalted by your worship.
You visited 1 branch You collected 13058 gold pieces.
You spent 10489 gold pieces at shops.

Inventory:

Hand Weapons
 d - a +2 long sword of holy wrath
 t - a +2 eveningstar of venom
 z - the +8 mithril axe "Arga" {speed, Will+}
   (You found it in the Dungeon)

   Attacks with this weapon are significantly faster.
   It increases your willpower.
 F - a +0 vampiric battleaxe
 P - the +6 double sword "Qyril" {flame, Dex+3}
   (You found it in the Dungeon)

   It has been specially enchanted to burn those struck by it, causing extra
   injury to most foes and up to half again as much damage against particularly
   susceptible opponents.
   Big, fiery blades are also staple armaments of hydra-hunters.
   It affects your dexterity (+3).
 R - a +6 double sword of freezing (weapon)
Missiles
 u - 4 javelins (quivered)
Armour
 a - the +0 mask of the Dragon (worn) {Will+ Slay+3 SInv}
   (You found it in the Dungeon)

   It affects your accuracy and damage with ranged weapons and melee attacks
   (+3).
   It lets you see invisible.
   It increases your willpower.
 k - the +0 pair of boots "Ocsuqamo" (worn) {rF+}
   (You acquired it in the Dungeon)

   It protects you from fire.
 y - a +2 tower shield of reflection (worn)
 G - the +0 pair of fencer's gloves (worn) {Riposte Dex+3}
   (You bought it in a shop in the Dungeon)

   It affects your dexterity (+3).
 H - a +0 cloak (worn)
 X - +3 gold dragon scales (worn)
Jewellery
 j - the amulet of Sahiadghank (around neck) {+Blink rElec Will+ Regen+ rCorr}
   (You bought it in a shop in the Dungeon)

   [amulet of regeneration]

   It insulates you from electricity.
   It lets you blink.
   It increases your rate of health regeneration.
   It protects you from acid and corrosion.
   It increases your willpower.
 s - a +6 ring of dexterity
 x - the ring "Woulof" {rF++ rC+ Will+}
   (You took it off a mummy priest in the Dungeon)

   [ring of protection from cold]

   It greatly protects you from fire.
   It protects you from cold.
   It increases your willpower.
 E - the ring of Igappof (left hand) {rPois rF+ rN+ Dex+3}
   (You bought it in a shop in the Dungeon)

   [ring of positive energy]

   It affects your dexterity (+3).
   It protects you from fire.
   It protects you from poison.
   It protects you from negative energy.
 M - the ring of Agaar {Int+7 Slay+4}
   (You took it off a vault guard in the Dungeon)

   [ring of slaying]

   It affects your intelligence (+7).
   It affects your accuracy and damage with ranged weapons and melee attacks
   (+4).
 O - the ring of the Falcon (right hand) {rF+ rN+ Int+6 Stlth+}
   (You took it off a skeletal warrior in the Dungeon)

   [ring of intelligence]

   It affects your intelligence (+6).
   It protects you from fire.
   It protects you from negative energy.
   It makes you more stealthy.
 U - a ring of flight
Wands
 p - a wand of iceblast (13)
 r - a wand of acid (22)
 w - a wand of mindburst (18)
 B - a wand of flame (22)
 N - a wand of paralysis (14)
Scrolls
 g - a scroll of fog
 l - a scroll of immolation
 q - a scroll of amnesia
 v - a scroll of holy word
 I - 3 scrolls of silence
Potions
 b - 6 potions of heal wounds
 c - 17 potions of curing
 e - 5 potions of might
 f - a potion of resistance
 h - 3 potions of magic
 i - 6 potions of mutation
 n - 3 potions of lignification
 A - 3 potions of berserk rage
 D - 3 potions of invisibility
 J - 8 potions of haste
 L - 5 potions of cancellation
Miscellaneous
 o - the horn of Geryon
 C - a phial of floods
 W - a lightning rod (4/4)


   Skills:
 O Level 27 Fighting
 - Level 16.0 Long Blades
 + Level 9.8 Axes
 O Level 27 Armour
 O Level 27 Dodging
 O Level 27 Shields
 + Level 26.0 Invocations
 - Level 11.3 Evocations


You had 17 spell levels left.
You didn't know any spells.
Your spell library contained the following spells:

 Spells                   Type           Power      Damage    Failure   Level
 Animate Skeleton         Necr           0%         N/A       95%         1
 Beastly Appendage        Tmut           0%         N/A       95%         1
 Freeze                   Ice            0%         1d3       95%         1
 Pain                     Necr           0%         1d4       95%         1
 Summon Small Mammal      Summ           0%         N/A       95%         1
 Call Imp                 Summ           0%         N/A       99%         2
 Passwall                 Tmut/Erth      0%         N/A       99%         2
 Sublimation of Blood     Necr           0%         N/A       99%         2
 Call Canine Familiar     Summ           0%         N/A       100%        3
 Confusing Touch          Hex            0%         N/A       100%        3
 Conjure Flame            Conj/Fire      0%         6-21      100%        3
 Gell's Gravitas          Tloc           0%         N/A       100%        3
 Ignite Poison            Fire/Tmut/Pois 0%         N/A       100%        3
 Portal Projectile        Hex/Tloc       0%         N/A       100%        3
 Summon Guardian Golem    Hex/Summ       0%         N/A       100%        3
 Animate Dead             Necr           0%         N/A       100%        4
 Dispel Undead            Necr           0%         3d6       100%        4
 Hailstorm                Conj/Ice       0%         3d3       100%        4
 Leda's Liquefaction      Hex/Erth       0%         N/A       100%        4
 Passage of Golubria      Tloc           N/A        N/A       100%        4
 Petrify                  Tmut/Erth      0%         N/A       100%        4
 Summon Ice Beast         Ice/Summ       0%         N/A       100%        4
 Summon Lightning Spire   Summ/Air       0%         N/A       100%        4
 Bolt of Magma            Conj/Fire/Erth 0%         4d4       100%        5
 Excruciating Wounds      Necr           0%         N/A       100%        5
 Fireball                 Conj/Fire      0%         3d3       100%        5
 Manifold Assault         Tloc           0%         N/A       100%        5
 Metabolic Englaciation   Hex/Ice        0%         N/A       100%        5
 Yara's Violent Unravell  Hex/Tmut       0%         3d3       100%        5
 Death Channel            Necr           0%         N/A       100%        6
 Dispersal                Tloc           0%         N/A       100%        6
 Starburst                Conj/Fire      0%         8x6d3     100%        6
 Statue Form              Tmut/Erth      0%         N/A       100%        6
 Dragon Form              Tmut           0%         N/A       100%        7
 Disjunction              Tloc           0%         N/A       100%        8
 Ignition                 Fire           0%         3d3       100%        8


Dungeon Overview and Level Annotations

Branches:
Dungeon (1/1)

Altars:
Cheibriados
Dithmenos
Elyvilon
Fedhas
Gozag
Hepliaklqana
Kikubaaqudgha
Makhleb
Nemelex Xobeh
Okawaru
Qazlal
Ru
Sif Muna
Trog
Uskayaw
Vehumet
Wu Jian
Xom
Yredelemnul
Zin
The Shining One
Beogh
Jiyva
Lugonu

Shops:
D ?=[=[=?!!!!(=!:?[[!*=

Annotations:
D Serpent of Hell


Innate Abilities, Weirdness & Mutations

You have a pair of horns on your head.
You reflexively headbutt those who attack you in melee.
You have very sharp teeth.
You are weak. (Str -2)


Message History

The storm dragon is engulfed in freezing vapours.
You block the storm dragon's attack. The storm dragon misses you.
You block the storm dragon's attack. The fire dragon completely misses you.
You riposte.
You slash the fire dragon! You freeze the fire dragon.
You kill the fire dragon!
The fire dragon's corpse disappears in a puff of smoke!
You block the Serpent of Hell's attack. The Serpent of Hell bites you!
* * * LOW HITPOINT WARNING * * *
You are engulfed in flames.
You resist.
Your resistance to cold fades away.
You feel protected from fire.
* * * LOW HITPOINT WARNING * * *
The Serpent of Hell bites you but does no damage.
The Serpent of Hell completely misses you. x2
The golden dragon is engulfed in blazing flames.
You block the golden dragon's attack.
The golden dragon claws you but does no damage.
You block the golden dragon's attack.
The ice dragon bites you but does no damage.
The ice dragon closely misses you.
The ice dragon tramples you but does no damage.
As you read the scroll of fear, it crumbles to dust.
You assume a fearsome visage.
The ice dragon looks frightened!
The storm dragon resists with almost no effort.
The golden dragon resists with almost no effort.
The Serpent of Hell is unaffected.
The storm dragon is engulfed in freezing vapours.
You block the storm dragon's attack. x3
The Serpent of Hell roars!
A dragon appears.
The golden dragon breathes fire at you. The bolt of fire hits you. You resist.
* * * LOW HITPOINT WARNING * * *
The bolt of fire hits the Serpent of Hell.
The Serpent of Hell completely resists.
The storm dragon is engulfed in freezing vapours.
The storm dragon breathes lightning at you.
The bolt of lightning misses you. You block the Serpent of Hell's attack.
The Serpent of Hell bites you!
You die...

*+*,,,,*#§≈§1§≈≈≈≈≈≈.*#..........
,,*,,^,*#.≈§§≈§§§≈≈≈,*#........#.
,,*,,,,*#§§§≈≈§≈≈§.,,*#≈......≈#≈
++******#§.§°§≈§..,,,*#)≈....≈)#'
,,*,*,***,§§°§...,,,,*####''####.
,,^,^,,**8,,§☼..,,,,8*#..'.....#'
+#############'###############.#.
..............○DDD....#...# ##.##
...........)..○§@D§...#...###...#
..........))..§.D.....'...'......
...........))(.°°☼....#...###...#
......................#...# ##.##
#+#############+##############.#.
,,,*,,,* ***≈≈≈≈≈≈≈≈≈*#......#'#'
,,,+,,,* *,*≈*+*≈≈****#......#[))
,,,*,,,***+*≈*,*≈≈*,* #......#[##
*****+***≈≈≈≈***≈≈*+**#......'.#.


You could see the Serpent of Hell, a golden dragon (summoned, catching breath),
a storm dragon (summoned, catching breath), a fire dragon (summoned) and an ice
dragon (summoned, fleeing).

Vanquished Creatures
  the Royal Jelly (D)
  Mennas (D)
  Mara (D)
  2 royal mummies (D)
  Frederick (D)
  the Lernaean hydra (D)
  Boris (D)
  Geryon (D)
  Nikola (D)
  2 golden dragons (D)
  4 bone dragons (D)
  Nellie (D)
  A Brimstone Fiend (D)
  Rupert (D)
  A lich (D)
  A quicksilver dragon (D)
  A deep elf blademaster (D)
  2 titans (D)
  7 acid blobs (D)
  An Executioner (D)
  2 sphinxes (D)
  An ancient champion (D)
  Harold (D)
  Gastronok (D)
  5 shadow dragons (D)
  A storm dragon (D)
  Chuck (D)
  3 rockslimes (D)
  8 azure jellies (D)
  Roxanne (D)
  A nagaraja (D)
  3 quicksilver oozes (D)
  2 stone giants (D)
  2 deep elf demonologists (D)
  5 vampire knights (D)
  2 deep elf annihilators (D)
  Azrael (D)
  A yellow draconian (D)
  2 dire elephants (D)
  2 deep elf death magi (D)
  A fire dragon (D)
  3 yaktaur captains (D)
  5 mummy priests (D)
  2 hell beasts (D)
  Erolcha (D)
  18 vault guards (D)
  A naga warrior (D)
  An ogre mage (D)
  2 anacondas (D)
  A hydra (D)
  2 centaur warriors (D)
  4 dancing weapons (D)
  4 death yaks (D)
  3 orc high priests (D)
  A titan zombie (D)
  A shock serpent (shapeshifter) (D)
  Urug (D)
  2 soul eaters (D)
  4 deep elf knights (D)
  2 sun demons (D)
  10 skeletal warriors (D)
  2 swamp dragons (D)
  A glowing orange brain (D)
  An anaconda zombie (D)
  A golden dragon zombie (D)
  A death drake (D)
  A spriggan druid (D)
  A lindwurm (D)
  2 obsidian statues (D)
  A death drake (shapeshifter) (D)
  An orc knight (D)
  Joseph (D)
  2 deep elf pyromancers (D)
  2 oklob plants (D)
  3 shining eyes (D)
  4 crystal guardians (D)
  3 deep elf zephyrmancers (D)
  4 ugly things (D)
  A stone giant skeleton (D)
  2 elephants (D)
  A black mamba (shapeshifter) (D)
  A molten gargoyle (D)
  2 guardian serpents (shapeshifter) (D)
  6 statues (D)
  A guardian serpent (D)
  2 cane toads (D)
  5 black mambas (D)
  A komodo dragon (D)
  11 yaktaurs (D)
  A rime drake (D)
  2 ice devils (D)
  A queen bee (D)
  3 wandering mushrooms (D)
  17 guardian mummies (D)
  4 spriggan defenders (D)
  2 tyrant leeches (D)
  A hornet (D)
  8 slime creatures (D)
  8 blink frogs (D)
  5 redbacks (D)
  A redback (shapeshifter) (D)
  2 spriggans (D)
  A shadow (D)
  2 iron troll simulacra (D)
  A spatial vortex (D)
  A water moccasin (D)
  2 nagas (D)
  2 hydra simulacra (D)
  6 floating eyes (D)
  2 orc warriors (D)
  A fire dragon simulacrum (D)
  3 swamp drakes (D)
  A necrophage (D)
  2 black mamba simulacra (D)
  5 two-headed ogres (D)
  A water elemental (D)
  32 killer bees (D)
  6 electric eels (D)
  A jelly (D)
  5 orc priests (D)
  A wizard (D)
  2 necromancers (D)
  A wolf simulacrum (D)
  3 humans (D)
  A kobold demonologist (D)
  A wolf (D)
  3 adders (D)
  An adder zombie (D)
  8 orcs (D)
  A bat zombie (D)
  An endoplasm (D)
  A ball python zombie (D)
  A giant cockroach simulacrum (D)
  4 rats (D)
  6 butterflies (D)
  A plant (D)
375 creatures vanquished.

Vanquished Creatures (collateral kills)
  An orc warrior (D)
1 creature vanquished.

Vanquished Creatures (others)
  Nessos (D)
  2 hydras (D)
  A shadow wraith (D)
  3 yaktaurs (D)
  2 hornets (D)
  2 statues (D)
  A golden eye (D)
  An orc priest (D)
  6 ball lightnings (D)
  2 ballistomycete spores (D)
  4 bushes (D)
  48 plants (D)
73 creatures vanquished.

Grand Total: 449 creatures vanquished

Notes
Turn   | Place    | Note
-------+----------+-------------------------------------------
     0 | D        | rocky1 the Minotaur Fighter began the quest for the Orb.
     0 | D        | Reached XP level 1. HP: 19/19 MP: 0/0
    47 | D        | Noticed a wolf
    53 | D        | Killed a wolf
    54 | D        | Reached skill level 5 in Shields
    54 | D        | Reached XP level 2. HP: 18/26 MP: 1/1
    59 | D        | Reached skill level 5 in Long Blades
    59 | D        | Reached XP level 3. HP: 14/31 MP: 2/2
   379 | D        | Noticed a water elemental
   384 | D        | Killed a water elemental
   385 | D        | Reached XP level 4. HP: 23/39 MP: 3/3
   402 | D        | Noticed a shadow
   405 | D        | Killed a shadow
   406 | D        | Reached skill level 10 in Long Blades
   406 | D        | Reached XP level 5. HP: 28/45 MP: 4/4
   406 | D        | Reached XP level 6. HP: 31/51 MP: 5/5
   523 | D        | Found a blossoming altar of Fedhas.
   523 | D        | Found a stormy altar of Qazlal.
   523 | D        | Found a snail-covered altar of Cheibriados.
   523 | D        | Found a burning altar of Makhleb.
   523 | D        | Found a shimmering altar of Xom.
   523 | D        | Noticed a spatial vortex
   524 | D        | Found a hazy altar of Hepliaklqana.
   524 | D        | Found an opulent altar of Gozag.
   524 | D        | Found a sparkling altar of Nemelex Xobeh.
   524 | D        | Found a corrupted altar of Lugonu.
   524 | D        | Found a viscous altar of Jiyva.
   527 | D        | Became a worshipper of Qazlal Stormbringer
   535 | D        | Killed a spatial vortex
   553 | D        | Found a basalt altar of Yredelemnul.
   553 | D        | Found a shadowy altar of Dithmenos.
   553 | D        | Found a sacrificial altar of Ru.
   561 | D        | Reached * piety under Qazlal
   575 | D        | Found a hide-covered altar of Uskayaw.
   575 | D        | Found an iron altar of Okawaru.
   575 | D        | Found a bloodstained altar of Trog.
   575 | D        | Found an ornate altar of the Wu Jian Council.
   575 | D        | Noticed a human
   575 | D        | Noticed a human
   593 | D        | Killed a human
   594 | D        | Reached XP level 7. HP: 37/57 MP: 6/6
   608 | D        | Killed a human
   617 | D        | Found a radiant altar of Vehumet.
   617 | D        | Found a shimmering blue altar of Sif Muna.
   617 | D        | Found an ancient bone altar of Kikubaaqudgha.
   624 | D        | Reached ** piety under Qazlal
   787 | D        | Found a glowing silver altar of Zin.
   787 | D        | Found a glowing golden altar of the Shining One.
   787 | D        | Found a white marble altar of Elyvilon.
   788 | D        | Noticed a deep elf pyromancer
   800 | D        | Noticed a fire elemental
   813 | D        | Killed a deep elf pyromancer
   814 | D        | Reached XP level 8. HP: 12/64 MP: 7/7
  1107 | D        | Reached skill level 1 in Dodging
  1107 | D        | Reached skill level 15 in Shields
  1107 | D        | Reached skill level 1 in Invocations
  1116 | D        | Reached *** piety under Qazlal
  1267 | D        | Noticed a two-headed ogre
  1281 | D        | Killed a two-headed ogre
  1282 | D        | Reached skill level 5 in Fighting
  1282 | D        | Reached skill level 5 in Armour
  1307 | D        | Noticed a two-headed ogre
  1307 | D        | Noticed Erolcha
  1315 | D        | Killed a two-headed ogre
  1316 | D        | Reached XP level 9. HP: 69/77 MP: 9/11
  1329 | D        | Killed Erolcha
  1330 | D        | Reached skill level 5 in Invocations
  1688 | D        | Found Giumpi Funnu's Jewellery Boutique.
  1691 | D        | Reached **** piety under Qazlal
  1692 | D        | Noticed an orc knight
  1721 | D        | Killed an orc knight
  1724 | D        | Reached ***** piety under Qazlal
  1974 | D        | Noticed an orc high priest
  1987 | D        | Noticed an ice devil
  1987 | D        | Killed an orc high priest
  1988 | D        | Reached XP level 10. HP: 61/93 MP: 14/14
  2162 | D        | Bought a +4 ring of protection for 432 gold pieces
  2162 | D        | Bought the amulet of Sahiadghank {+Blink rElec Will+ Regen+
                  | rCorr} for 746 gold pieces
  2162 | D        | Bought a +4 ring of slaying for 936 gold pieces
  2281 | D        | Noticed a deep elf zephyrmancer
  2281 | D        | Noticed a deep elf knight
  2281 | D        | Noticed a deep elf pyromancer
  2281 | D        | Noticed a deep elf zephyrmancer
  2281 | D        | Noticed a deep elf zephyrmancer
  2310 | D        | Killed a deep elf zephyrmancer
  2311 | D        | Reached skill level 10 in Fighting
  2311 | D        | Reached skill level 10 in Armour
  2385 | D        | Killed a deep elf zephyrmancer
  2400 | D        | Killed a deep elf zephyrmancer
  2400 | D        | Reached ****** piety under Qazlal
  2441 | D        | Killed a deep elf knight
  2450 | D        | Killed a deep elf pyromancer
  2451 | D        | Reached skill level 10 in Dodging
  2578 | D        | Reached skill level 10 in Invocations
  2588 | D        | Reached XP level 11. HP: 104/104 MP: 17/17
  2629 | D        | Noticed Harold
  2630 | D        | Noticed Joseph
  2640 | D        | Killed Joseph
  2645 | D        | Killed Harold
  2751 | D        | Noticed a yaktaur captain
  2923 | D        | Killed a four-headed hydra
  2956 | D        | Killed a four-headed hydra
  3004 | D        | Noticed a lindwurm
  3010 | D        | Killed a lindwurm
  3024 | D        | Noticed Urug
  3043 | D        | Killed Urug
  3089 | D        | Noticed a death drake
  3119 | D        | Killed a death drake
  3130 | D        | Found the +3 salamander hide armour {Flames rF++ rC--}
  3172 | D        | Found a blossoming altar of Fedhas.
  3172 | D        | Noticed a spriggan druid
  3183 | D        | Killed a spriggan druid
  3184 | D        | Reached skill level 15 in Fighting
  3184 | D        | Reached skill level 15 in Armour
  3184 | D        | Reached XP level 12. HP: 114/119 MP: 20/20
  3285 | D        | Noticed Rupert
  3293 | D        | Killed Rupert
  3328 | D        | Noticed a death yak
  3328 | D        | Noticed a death yak
  3331 | D        | Noticed a death yak
  3338 | D        | Killed a death yak
  3338 | D        | Noticed a death yak
  3346 | D        | Killed a death yak
  3355 | D        | Killed a death yak
  3364 | D        | Killed a death yak
  3382 | D        | Reached skill level 15 in Dodging
  3393 | D        | Noticed an azure jelly
  3393 | D        | Noticed an azure jelly
  3423 | D        | Noticed an anaconda
  3430 | D        | Killed an anaconda
  3449 | D        | Noticed an anaconda
  3461 | D        | Killed an anaconda
  3462 | D        | Reached skill level 1 in Evocations
  3490 | D        | Noticed a naga warrior
  3490 | D        | Noticed a nagaraja
  3520 | D        | Killed a nagaraja
  3531 | D        | Killed a naga warrior
  3532 | D        | Reached XP level 13. HP: 82/132 MP: 22/22
  3575 | D        | Found Cutso's Magic Scroll Boutique.
  3575 | D        | Found Feihusymn's Jewellery Emporium.
  3577 | D        | Found Metumir's Antique Armour Shop.
  3603 | D        | Got a serpentine rune of Zot
  3615 | D        | Bought the +0 pair of fencer's gloves {Riposte Dex+3} for
                  | 1240 gold pieces
  3615 | D        | Found the +0 pair of fencer's gloves {Riposte Dex+3}
  3615 | D        | Bought a cloak for 139 gold pieces
  3654 | D        | Killed Nessos
  3705 | D        | Noticed an azure jelly
  3705 | D        | Noticed an azure jelly
  3707 | D        | Noticed a dire elephant
  3707 | D        | Noticed a dire elephant
  3707 | D        | Noticed Gastronok
  3726 | D        | Killed a dire elephant
  3734 | D        | Killed a dire elephant
  3744 | D        | Killed Gastronok
  3745 | D        | Reached skill level 15 in Invocations
  3745 | D        | Reached skill level 5 in Evocations
  3835 | D        | Found Lixuirch's Antique Armour Emporium.
  3835 | D        | Found Qetolett's Jewellery Shop.
  3835 | D        | Found Piry's Magic Scroll Shoppe.
  3836 | D        | Noticed the 27-headed Lernaean hydra
  3938 | D        | Noticed a mummy priest
  3949 | D        | Killed a mummy priest
  4418 | D        | Found Buniav's Antique Armour Shop.
  4418 | D        | Found Tawidah's Jewellery Shoppe.
  4418 | D        | Found Gough's Book Emporium.
  4418 | D        | Found Vyuc's Distillery.
  4418 | D        | Found Axtius's Magic Scroll Emporium.
  4418 | D        | Found Azamiqot's General Store.
  4418 | D        | Found Vougusuh's Jewellery Shoppe.
  4418 | D        | Found Wyoqihasch's Distillery.
  4418 | D        | Found Detruroc's Antique Weapon Shop.
  4418 | D        | Found Hixuc's Antique Armour Boutique.
  4418 | D        | Found Emitodd's Distillery.
  4472 | D        | Bought the ring of Igappof {rPois rF+ rN+ Dex+3} for 489
                  | gold pieces
  4475 | D        | Bought a pair of boots for 108 gold pieces
  4478 | D        | Bought a potion of mutation for 96 gold pieces
  4478 | D        | Bought 3 potions of haste for 360 gold pieces
  4478 | D        | Bought 2 potions of curing for 72 gold pieces
  4478 | D        | Bought a potion of heal wounds for 60 gold pieces
  4483 | D        | Bought a potion of berserk rage for 65 gold pieces
  4483 | D        | Bought a potion of curing for 39 gold pieces
  4483 | D        | Bought a potion of curing for 39 gold pieces
  4490 | D        | Bought a scroll of enchant armour for 75 gold pieces
  4490 | D        | Bought a scroll of enchant weapon for 75 gold pieces
  4490 | D        | Bought a scroll of enchant weapon for 75 gold pieces
  4490 | D        | Bought a scroll of magic mapping for 35 gold pieces
  4519 | D        | Noticed Boris
  4532 | D        | Killed Boris
  4657 | D        | Reached XP level 14. HP: 90/146 MP: 25/25
  4669 | D        | Identified the +6 double sword "Qyril" {flame, Dex+3}
  4755 | D        | Reached skill level 15 in Long Blades
  4920 | D        | Killed the 23-headed Lernaean hydra
  4952 | D        | Got a decaying rune of Zot
  4971 | D        | Bought a bloodstained cloak for 266 gold pieces
  4971 | D        | Identified the +0 cloak "Doreomul" {Harm rN+} (You bought
                  | it in a shop in the Dungeon)
  4991 | D        | Bought a scroll of acquirement for 676 gold pieces
  4991 | D        | Bought a scroll of enchant weapon for 97 gold pieces
  4991 | D        | Bought a scroll of enchant weapon for 97 gold pieces
  4995 | D        | Acquired a +0 double sword of electrocution
  5225 | D        | Killed an azure jelly
  5226 | D        | Reached skill level 10 in Evocations
  5230 | D        | Killed an azure jelly
  5233 | D        | Killed an azure jelly
  5235 | D        | Killed an azure jelly
  5367 | D        | Noticed Chuck
  5392 | D        | Killed Chuck
  5413 | D        | Noticed Frederick
  5431 | D        | Killed Frederick
  5466 | D        | Noticed a lich
  5471 | D        | Killed a lich
  5480 | D        | Noticed a shadow dragon
  5480 | D        | Noticed a shadow dragon
  5490 | D        | Killed a shadow dragon
  5497 | D        | Killed a shadow dragon
  5540 | D        | Reached XP level 15. HP: 133/158 MP: 27/27
  5570 | D        | Noticed a shadow dragon
  5570 | D        | Noticed a golden dragon
  5570 | D        | Noticed a golden dragon
  5570 | D        | Noticed a shadow dragon
  5570 | D        | Noticed a titan
  5570 | D        | Noticed a quicksilver dragon
  5570 | D        | Noticed a titan
  5639 | D        | Killed a titan
  5648 | D        | Identified the ring of Agaar {Int+7 Slay+4}
  5681 | D        | Killed a golden dragon
  5688 | D        | Killed a shadow dragon
  5692 | D        | Noticed a shadow dragon
  5701 | D        | Killed a titan
  5712 | D        | Killed a shadow dragon
  5731 | D        | Killed a golden dragon
  5786 | D        | Identified the +9 mace "Icu Pyisass" {freeze, *Corrode
                  | rElec Str+4}
  5789 | D        | Identified the +6 long sword "Otsiwei" {drain, Int+3}
  5789 | D        | Identified the ring of the Falcon {rF+ rN+ Int+6 Stlth+}
  5799 | D        | Killed a quicksilver dragon
  5810 | D        | Killed a shadow dragon
  5837 | D        | Identified the Reference Book on the Ghastly Frostbite
  5862 | D        | Identified Qumef's Papyrus of the Dark Snowflakes
  5866 | D        | Got a silver rune of Zot
  5927 | D        | Acquired 942 gold pieces
  6134 | D        | Noticed Mara
  6148 | D        | Noticed rocky1's illusion
  6173 | D        | Killed Mara
  6174 | D        | Reached XP level 16. HP: 45/172 MP: 22/29
  6183 | D        | Noticed Mennas
  6246 | D        | HP: 5/173 [Mennas/+3 trishula of holy wrath (24)]
  6255 | D        | Killed Mennas
  6411 | D        | Noticed an ancient champion
  6436 | D        | Killed an ancient champion
  6438 | D        | Found the +0 mask of the Dragon {Will+ Slay+3 SInv}
  6485 | D        | Noticed Nikola
  6489 | D        | Noticed a storm dragon
  6495 | D        | Killed Nikola
  6501 | D        | Killed a storm dragon
  6592 | D        | Found Zoato's Distillery.
  6592 | D        | Found Jim Dir's Distillery.
  6592 | D        | Found Jashrev's Distillery.
  6592 | D        | Found Soymu's Distillery.
  6592 | D        | Identified Roxanne's Catalogue of Shape Shifting
  6592 | D        | Noticed Roxanne
  6631 | D        | Killed Roxanne
  6658 | D        | Bought a potion of heal wounds for 60 gold pieces
  6658 | D        | Bought a potion of curing for 36 gold pieces
  6658 | D        | Bought a potion of curing for 36 gold pieces
  6658 | D        | Bought a potion of heal wounds for 60 gold pieces
  6658 | D        | Bought a potion of might for 48 gold pieces
  6659 | D        | Bought a potion of heal wounds for 60 gold pieces
  6659 | D        | Bought a potion of heal wounds for 60 gold pieces
  6659 | D        | Bought a potion of curing for 36 gold pieces
  6659 | D        | Bought a potion of curing for 36 gold pieces
  6659 | D        | Bought 2 potions of mutation for 192 gold pieces
  6659 | D        | Bought a potion of might for 48 gold pieces
  6659 | D        | Bought a potion of curing for 36 gold pieces
  6659 | D        | Bought a potion of mutation for 96 gold pieces
  6660 | D        | Bought 2 potions of heal wounds for 140 gold pieces
  6660 | D        | Bought a potion of heal wounds for 70 gold pieces
  6660 | D        | Bought a potion of curing for 42 gold pieces
  6661 | D        | Bought a potion of curing for 39 gold pieces
  6661 | D        | Bought a potion of heal wounds for 65 gold pieces
  6661 | D        | Bought a potion of curing for 39 gold pieces
  6661 | D        | Bought a potion of curing for 39 gold pieces
  6661 | D        | Bought 2 potions of curing for 78 gold pieces
  6661 | D        | Bought a potion of resistance for 130 gold pieces
  6722 | D        | Found Ipeum's Distillery.
  6725 | D        | Noticed an Executioner
  6728 | D        | Bought a potion of mutation for 112 gold pieces
  6728 | D        | Bought a potion of heal wounds for 70 gold pieces
  6728 | D        | Bought a potion of heal wounds for 70 gold pieces
  6735 | D        | Killed an Executioner
  6800 | D        | Gained mutation: Armour fits poorly on your strangely
                  | shaped body. [a shining eye]
  6801 | D        | Gained mutation: You sometimes lose the ability to read
                  | scrolls when taking damage. [a shining eye]
  6806 | D        | Paralysed by a floating eye for 2 turns
  7032 | D        | Noticed Azrael
  7039 | D        | Killed Azrael
  7053 | D        | Acquired 597 gold pieces
  7055 | D        | Acquired the +0 pair of boots "Ocsuqamo" {rF+}
  7195 | D        | Bought a scroll of holy word for 105 gold pieces
  7195 | D        | Bought a scroll of enchant weapon for 105 gold pieces
  7259 | D        | Noticed an acid blob
  7265 | D        | Killed an acid blob
  7266 | D        | Gained mutation: Your body sometimes deteriorates upon
                  | taking damage. [a shining eye]
  7272 | D        | Lost mutation: Your body sometimes deteriorates upon taking
                  | damage. [potion of mutation]
  7272 | D        | Lost mutation: Armour fits poorly on your strangely shaped
                  | body. [potion of mutation]
  7272 | D        | Lost mutation: You sometimes lose the ability to read
                  | scrolls when taking damage. [potion of mutation]
  7272 | D        | Gained mutation: You are frail. (-10% HP) [potion of
                  | mutation]
  7272 | D        | Gained mutation: Your system is resistant to poisons.
                  | (rPois) [potion of mutation]
  7273 | D        | Lost mutation: You are frail. (-10% HP) [potion of
                  | mutation]
  7273 | D        | Lost mutation: Your system is resistant to poisons. (rPois)
                  | [potion of mutation]
  7273 | D        | Gained mutation: You tend to lose your temper in combat.
                  | [potion of mutation]
  7273 | D        | Gained mutation: You have very sharp teeth. [potion of
                  | mutation]
  7274 | D        | Lost mutation: You tend to lose your temper in combat.
                  | [potion of mutation]
  7274 | D        | Gained mutation: You are weak. (Str -2) [potion of
                  | mutation]
  7279 | D        | Noticed an acid blob
  7294 | D        | Killed an acid blob
  7325 | D        | Paralysed by a floating eye for 2 turns
  7334 | D        | Paralysed by a floating eye for 4 turns
  7446 | D        | Noticed the Royal Jelly
  7458 | D        | Noticed an acid blob
  7459 | D        | Noticed an acid blob
  7461 | D        | Noticed an acid blob
  7461 | D        | Noticed an acid blob
  7464 | D        | Noticed an acid blob
  7466 | D        | Killed an acid blob
  7466 | D        | Killed an acid blob
  7466 | D        | Killed an acid blob
  7466 | D        | Killed an acid blob
  7466 | D        | Killed an acid blob
  7475 | D        | Killed the Royal Jelly
  7476 | D        | Reached XP level 17. HP: 64/188 MP: 3/31
  7480 | D        | Paralysed by a floating eye for 2 turns
  7623 | D        | Got a slimy rune of Zot
  7746 | D        | Noticed a deep elf blademaster
  7759 | D        | Killed a deep elf blademaster
  7777 | D        | Identified the Grimoire of Ashen Heat
  7783 | D        | Identified the ring of Impatience {Fire Will+ Str+4}
  7783 | D        | Identified the ring of the Median {rPois Int+2}
  7785 | D        | Identified the ring "Wezen" {Fire Dex+3}
  7785 | D        | Identified the Collected Works on Dusty Transmigration
  7787 | D        | Identified the Guide on Unholy Arts
  7787 | D        | Identified the ring "Huisirr" {Will+ Int+4}
  7907 | D        | Noticed Nellie
  7937 | D        | Killed Nellie
  7947 | D        | Got a demonic rune of Zot
  8087 | D        | Noticed a bone dragon
  8104 | D        | Killed a bone dragon
  8190 | D        | Reached skill level 27 in Armour
  8205 | D        | Reached skill level 27 in Fighting
  8227 | D        | Noticed a bone dragon
  8237 | D        | Killed a bone dragon
  8256 | D        | Noticed a bone dragon
  8266 | D        | Killed a bone dragon
  8276 | D        | Noticed a bone dragon
  8297 | D        | Killed a bone dragon
  8492 | D        | Noticed a royal mummy
  8493 | D        | Killed a royal mummy
  8495 | D        | Identified the ring "Woulof" {rF++ rC+ Will+}
  8496 | D        | Noticed a royal mummy
  8497 | D        | Found the +8 mithril axe "Arga" {speed, Will+}
  8507 | D        | Killed a royal mummy
  8508 | D        | Reached skill level 27 in Dodging
  8624 | D        | Got a golden rune of Zot
  8636 | D        | Identified the +0 short sword "Beastslayer" {freeze, +Rage
                  | SInv}
  8652 | D        | Acquired 1308 gold pieces
  8654 | D        | Acquired 645 gold pieces
  8656 | D        | Acquired 1073 gold pieces
  8658 | D        | Acquired 562 gold pieces
  8660 | D        | Acquired 787 gold pieces
  8783 | D        | Bought a potion of curing for 30 gold pieces
  8783 | D        | Bought a potion of curing for 30 gold pieces
  8783 | D        | Bought a potion of haste for 100 gold pieces
  8783 | D        | Bought a potion of invisibility for 80 gold pieces
  8783 | D        | Bought a potion of mutation for 80 gold pieces
  8783 | D        | Bought a potion of curing for 30 gold pieces
  8786 | D        | Bought a potion of haste for 130 gold pieces
  8786 | D        | Bought a potion of haste for 130 gold pieces
  8786 | D        | Bought a potion of haste for 130 gold pieces
  8791 | D        | Bought a potion of brilliance for 48 gold pieces
  8791 | D        | Bought a potion of degeneration for 12 gold pieces
  8791 | D        | Bought a potion of cancellation for 96 gold pieces
  8801 | D        | Bought a scroll of silence for 75 gold pieces
  8842 | D        | Bought a potion of cancellation for 112 gold pieces
  8842 | D        | Bought a potion of might for 56 gold pieces
  8842 | D        | Bought a potion of invisibility for 112 gold pieces
  8843 | D        | Bought a potion of berserk rage for 65 gold pieces
  8843 | D        | Bought a potion of might for 52 gold pieces
  8843 | D        | Bought a potion of magic for 104 gold pieces
  8844 | D        | Bought a potion of haste for 120 gold pieces
  8844 | D        | Bought a potion of berserk rage for 60 gold pieces
  8844 | D        | Bought a potion of lignification for 36 gold pieces
  8844 | D        | Bought a potion of berserk rage for 60 gold pieces
  8856 | D        | Bought a potion of might for 56 gold pieces
  8856 | D        | Bought a potion of curing for 42 gold pieces
  8856 | D        | Bought a potion of haste for 140 gold pieces
  8856 | D        | Bought a potion of cancellation for 112 gold pieces
  8856 | D        | Bought a potion of curing for 42 gold pieces
  8856 | D        | Bought 2 potions of cancellation for 224 gold pieces
  8884 | D        | Noticed Geryon
  8889 | D        | Reached skill level 1 in Axes
  8904 | D        | Reached skill level 5 in Axes
  8932 | D        | Killed Geryon
  8933 | D        | Reached skill level 27 in Shields
  8933 | D        | Reached XP level 18. HP: 161/200 MP: 33/33
  8986 | D        | Noticed the Serpent of Hell
  8987 | D        | Noticed a Brimstone Fiend
  9009 | D        | Killed a Brimstone Fiend
  9012 | D        | Noticed a golden dragon
  9017 | D        | HP: 2/200 [ice dragon/blast of cold[the Serpent of Hell]
                  | (16)]
  9019 | D        | Slain by the Serpent of Hell

Illustrated notes

Levels and vault maps discovered:
D:        dungeon_sprint_mu [sprint_mu_entry_cave, sprint_mu_temple_rooms,
          sprint_mu_d1_spiders, sprint_mu_d2_genie, sprint_mu_d3_branching,
          sprint_mu_orc_legion, sprint_mu_elf_gauntlet, sprint_mu_hive_nellie,
          sprint_mu_lair_fedhas, sprint_mu_vaults_butterflies,
          sprint_mu_slime_circle, sprint_mu_swamp_cave, sprint_mu_snake_twists,
          sprint_mu_blade_basic, sprint_mu_crypt_chambers,
          sprint_mu_tomb_spiral, sprint_mu_vestibule_basic,
          sprint_mu_gehenna_hellfire, sprint_mu_dis_giant,
          sprint_mu_tartarus_statrot, sprint_mu_cocytus_islands, sprint_mu_zot1]

Skill      XL: |  1  2  3  4  5  6  7  8  9 10 11 12 13 14 15 16 17 18 |
---------------+-------------------------------------------------------+-----
Long Blades    | 4 5 7 10 13 14 16 | 16.0
Shields        | 5 6 8 11 13 14 15 16 19 22 27 | 27.0
Dodging        | 4 8 10 13 15 17 19 21 24 27 | 27.0
Invocations    | 4 7 10 12 14 16 18 20 22 25 26 | 26.0
Fighting       | 6 9 12 15 17 19 21 23 26 27 | 27.0
Armour         | 6 9 12 15 17 19 21 23 26 27 | 27.0
Evocations     | 3 8 11 | 11.3
Axes           | 8 9 |  9.8

Action                   |  1- 3 |  4- 6 |  7- 9 | 10-12 | 13-15 | 16-18 || total
-------------------------+-------+-------+-------+-------+-------+-------++-------
Melee: Long sword        |    16 |    22 |   150 |   449 |   174 |    40 ||   851
       Headbutt          |     2 |     5 |    26 |    94 |   189 |   226 ||   542
       Double sword      |       |       |       |       |   332 |   454 ||   786
       Bite              |       |       |       |       |       |    78 ||    78
Invok: Upheaval          |       |       |     1 |     4 |     8 |     4 ||    17
       Elemental Force   |       |       |     1 |     1 |     1 |     1 ||     4
       Disaster Area     |       |       |       |       |     1 |     4 ||     5
Evoke: Wand              |       |       |       |       |       |     2 ||     2
  Use: Potion            |     2 |     1 |     2 |       |     3 |    14 ||    22
       Scroll            |       |       |     1 |       |    23 |    13 ||    37
 Stab: Distracted        |       |       |       |       |       |     1 ||     1
Armor: Scale mail        |     3 |       |     5 |    43 |    42 |       ||    93
       Chain mail        |       |       |       |       |    48 |       ||    48
       Gold dragon scale |       |       |       |       |    40 |   144 ||   184
Dodge: Dodged            |     6 |     4 |     8 |    68 |   170 |   188 ||   444
       Repelled          |       |       |       |     4 |     5 |    13 ||    22
Block: Kite shield       |     4 |     4 |    75 |   302 |   194 |       ||   579
       Tower shield      |       |       |       |       |   284 |   699 ||   983
       Other             |       |       |       |       |     2 |       ||     2
       Reflection        |       |       |       |       |       |    42 ||    42
       Rpst.: Long sword |     4 |     1 |     1 |    11 |    14 |     4 ||    35
       Double sword      |       |       |       |       |    21 |    39 ||    60

Table legend: (Time is in decaauts)
 A = Elapsed time spent in this place.
 B = Non-inter-level travel time spent in this place.
 C = Inter-level travel time spent in this place.
 D = Time resting spent in this place.
 E = Time spent auto-exploring this place.
 F = Levels seen in this place.
 G = Mean time per level.
                   A        B        C        D        E       F      G
               +--------+--------+--------+--------+--------+-----+--------+
         Total |   8658 |   7579 |   1079 |   2860 |      0 |   1 | 8658.0 |
       Dungeon |   8658 |   7579 |   1079 |   2860 |      0 |   1 | 8658.0 |
               +--------+--------+--------+--------+--------+-----+--------+

Top non-repeatable levels by time:
       D: 8658 daAuts
